 Seeded DCSS version 0.30-a0-883-g5ad918d77d (webtiles) character file.

Game seed: 15748772131455733785 (custom seed)

1223 Parcival the Cleaver (level 8, 37/70 HPs)
             Began as a Minotaur Fighter on Mar 16, 2023.
             Was an Initiate of Trog.
             Quit the game on level 5 of the Dungeon.
             The game lasted 00:08:28 (4591 turns).

Parcival the Cleaver (Minotaur Fighter)             Turns: 4591, Time: 00:08:28

Health: 37/70      AC: 14    Str: 29    XL:     8   Next: 23%
Magic:  7/7        EV:  7    Int:  5    God:    Trog [......]
Gold:   280        SH:  0    Dex: 10    Spells: 7/7 levels left

rFire   . . .      SeeInvis .    n - +5 battleaxe (vamp)
rCold   . . .      Faith    .    (shield currently unavailable)
rNeg    . . .      Spirit   .    e - +1 plate armour
rPois   +          Reflect  .    (helmet restricted)
rElec   .          Rampage  .    (no cloak)
rCorr   .                        (no gloves)
Will    .....                    (no boots) Stlth
                                 (no amulet)
HPRegen 0.31/turn                j - +6 ring of strength
MPRegen 0.10/turn                l - ring of poison resistance

@: mildly poisoned (37 -> 37)
A: horns 2, retaliatory headbutt
a: Renounce Religion


You were on level 5 of the Dungeon.
You worshipped Trog.
Trog was noncommittal.
You visited 2 branches of the dungeon, and saw 6 of its levels.

You collected 280 gold pieces.

Inventory:

Hand Weapons
 a - a +0 war axe
 i - a +0 broad axe
 n - a +5 vampiric battleaxe (weapon)
 u - a +2 heavy flail
Armour
 b - a +0 scale mail
 c - a +0 buckler
 e - a +1 plate armour (worn)
Jewellery
 j - a +6 ring of strength (left hand)
 l - a ring of poison resistance (right hand)
Wands
 m - a wand of polymorph (21)
 p - a wand of flame (18)
 r - a wand of acid (9)
Scrolls
 h - a scroll of fog
 s - a scroll of teleportation {unknown}
 v - a scroll of blinking
Potions
 d - 3 potions of might
 f - a potion of heal wounds {unknown}
 g - 2 potions of mutation
 k - 3 potions of brilliance {unknown}
 o - a potion of lignification {unknown}
 q - 2 potions of ambrosia {unknown}
 t - a potion of resistance {unknown}


   Skills:
 + Level 5.9 Fighting
 + Level 8.5 Axes
 + Level 6.8 Armour
 + Level 0.1 Dodging
 + Level 0.4 Stealth
 + Level 5.4 Shields


You had 7 spell levels left.
You didn't know any spells.
Your spell library contained the following spells:

 Spells                   Type           Power      Damage    Failure   Level
 Magic Dart               Conj           0%         1d3       99%         1
 Slow                     Hex            0%         N/A       99%         1
 Call Imp                 Summ           0%         N/A       100%        2
 Confusing Touch          Hex            0%         N/A       100%        3
 Ignite Poison            Fire/Tmut/Pois 0%         N/A       100%        3
 Kindle Blastsparks       Fire/Tloc/Air  0%         2d10      100%        3
 Mephitic Cloud           Conj/Pois/Air  0%         N/A       100%        3
 Vampiric Draining        Necr           0%         2d6       100%        3
 Freezing Cloud           Conj/Ice/Air   0%         6-21      100%        5


Dungeon Overview and Level Annotations

Branches:
Dungeon (5/15)             Temple (1/1) D:4

Altars:
Ashenzari
Elyvilon
Gozag
Hepliaklqana
Nemelex Xobeh
Trog
Uskayaw
Yredelemnul
Zin


Innate Abilities, Weirdness & Mutations

You have a pair of horns on your head.
You reflexively headbutt those who attack you in melee.


Message History

You miss the water moccasin.
You feel sick. The water moccasin bites you.
You are more poisoned.
The water moccasin poisons you!
The water moccasin bites you but does no damage.
You miss the water moccasin. You headbutt the water moccasin!
The water moccasin is heavily wounded.
You feel very sick. The water moccasin bites you.
You miss the water moccasin.
The water moccasin is heavily wounded.
You feel very sick.
The water moccasin bites you but does no damage.
The water moccasin closely misses you.
You miss the water moccasin.
Your headbutt misses the water moccasin.
The water moccasin is heavily wounded.
You feel very sick.
The water moccasin bites you but does no damage.
The water moccasin closely misses you.
You closely miss the water moccasin.
Your headbutt misses the water moccasin.
The water moccasin is heavily wounded.
You feel sick. The water moccasin barely misses you.
You slice the water moccasin!!
You kill the water moccasin!
Trog accepts your kill.
You feel sick.
You feel sick.
You feel sick.
You see here a +2 heavy flail.
Okay, then.
u - a +2 heavy flail You feel sick.
Unknown command.
Unknown command.
Unknown command.
Unknown command.
Unknown command.
Unknown command.
Are you sure you want to abandon this character and quit the game? (Confirm with "yes".)

##### ####
##...## ##...##
#.....#####@....#
#...............#
#.....##+##.....#
##...## ##...##
##.## #.## #.#
#.# #.# #.# #.#
#.# ##.## ##.##


There were no monsters in sight!

Vanquished Creatures
  A water moccasin (D:5)
  3 ice beasts (D:5)
  An ogre (D:5)
  The ghost of Allyalt the Magician, an amateur DjCj (D:3)
  2 phantoms (D:4)
  A kobold brigand (D:5)
  A scorpion (D:5)
  2 hounds
  2 iguanas (D:5)
  Ijyb (D:3)
  Natasha (thrice) (D:3)
  An orc wizard (D:4)
  4 adders
  3 gnolls (D:2)
  2 worms (D:2)
  4 dart slugs
  5 orcs
  12 endoplasms
  4 giant cockroaches
  5 goblins
  7 hobgoblins
  11 jackals
  A quokka (D:2)
  8 ball pythons
  2 bats
  4 frilled lizards
  8 kobolds
  5 rats
104 creatures vanquished.

Notes
Turn   | Place    | Note
-------+----------+-------------------------------------------
     0 | D:1      | Parcival the Minotaur Fighter began the quest for the Orb.
     0 | D:1      | Reached XP level 1. HP: 19/19 MP: 0/0
   293 | D:1      | Reached XP level 2. HP: 25/27 MP: 1/1
   907 | D:2      | Reached skill level 3 in Axes
   908 | D:2      | Reached XP level 3. HP: 33/33 MP: 2/2
  1208 | D:2      | Reached XP level 4. HP: 40/40 MP: 3/3
  1435 | D:2      | Reached skill level 4 in Axes
  1472 | D:2      | Found a faded altar of an unknown god.
  2062 | D:3      | Noticed Ijyb
  2063 | D:3      | Noticed Natasha
  2074 | D:3      | Killed Ijyb
  2075 | D:3      | Reached XP level 5. HP: 35/47 MP: 4/4
  2080 | D:3      | Killed Natasha
  2325 | D:3      | Found a runed translucent door.
  2441 | D:3      | Noticed Natasha
  2453 | D:3      | Killed Natasha
  2454 | D:3      | Reached skill level 5 in Axes
  2522 | D:3      | Noticed Natasha
  2530 | D:3      | Killed Natasha
  2931 | D:3      | Noticed Allyalt's ghost (amateur DjCj)
  2937 | D:3      | Killed Allyalt's ghost
  2938 | D:3      | Reached skill level 5 in Fighting
  2938 | D:3      | Reached XP level 6. HP: 50/56 MP: 5/5
  3500 | D:4      | Reached skill level 6 in Axes
  3500 | D:4      | Reached skill level 5 in Armour
  3559 | D:4      | Found a staircase to the Ecumenical Temple.
  3598 | D:4      | Found a white marble altar of Elyvilon.
  3621 | D:4      | Reached XP level 7. HP: 48/61 MP: 6/6
  3919 | Temple   | Entered the Ecumenical Temple
  4097 | Temple   | Identified a scroll of acquirement
  4098 | Temple   | Acquired a +5 vampiric battleaxe
  4136 | Temple   | Became a worshipper of Trog the Wrathful
  4161 | D:5      | Entered Level 5 of the Dungeon
  4170 | D:5      | Reached skill level 5 in Shields
  4173 | D:5      | Reached skill level 7 in Axes
  4297 | D:5      | Found a broken altar of Ashenzari.
  4405 | D:5      | Reached XP level 8. HP: 25/70 MP: 7/7
  4407 | D:5      | Reached skill level 8 in Axes
  4591 | D:5      | Quit the game

Illustrated notes

Levels and vault maps discovered:
D:1:      dpeg_arrival_brainrot, layout_basic, hangedman_decor_growths,
          minmay_misc_feat_rugged, nicolae_titane
D:2:      minmay_recursive_quarters, layout_basic,
          dreamdust_ecumenical_altar_sealed_demon, serial_glass,
          glass_columns_c, glass_columns_a, hex_tiny
D:3:      layout_basic, ebering_ghost_reflecting_pool,
          minmay_misc_feat_four_crosses, uniq_ijyb, uniq_natasha
D:4:      layout_loops_ring, mainiacjoe_overflow_boulevard,
          minmay_temple_entry_stoned_glass
D:5:      minmay_octagon_keep, layout_rooms, lemuel_doored_altar,
          fiery_altar_vehumet, overflow_temple_1_default,
          mainiacjoe_overflow_24_doors, grunt_temple_overflow_champion_of_chaos,
          kennysheep_generic_room_9
Temple:   nicolae_temple_bog_church

Skill      XL: |  1  2  3  4  5  6  7  8 |
---------------+-------------------------+-----
Armour         | 4 5 6 |  6.8
Shields        | 4 5 |  5.4
Fighting       | 4 5 |  5.9
Axes           | 3 4 5 6 7 8 |  8.5
Dodging        | |  0.1
Stealth        | |  0.4

Action                     |  1- 3 |  4- 6 |  7- 9 || total
---------------------------+-------+-------+-------++-------
  Melee: War axe           |    28 |       |       ||    28
         Broad axe         |    51 |   112 |     8 ||   171
         Headbutt          |     8 |    17 |     3 ||    28
         Battleaxe         |       |       |    37 ||    37
    Use: Scroll            |       |     9 |     1 ||    10
 Armour: Plate armour      |    65 |    99 |    37 ||   201
         Scale mail        |     5 |       |       ||     5
  Dodge: Dodged            |    29 |    52 |    15 ||    96
  Block: Buckler           |    20 |    15 |       ||    35
         Kite shield       |       |    15 |     3 ||    18

Table legend: (Time is in decaauts)
 A = Elapsed time spent in this place.
 B = Non-inter-level travel time spent in this place.
 C = Inter-level travel time spent in this place.
 D = Time resting spent in this place.
 E = Time spent auto-exploring this place.
 F = Levels seen in this place.
 G = Mean time per level.
                   A        B        C        D        E       F      G
               +--------+--------+--------+--------+--------+-----+--------+
         Total |   4722 |   4461 |    261 |    100 |   3492 |   6 |  787.0 |
       Dungeon |   4478 |   4256 |    222 |    100 |   3312 |   5 |  895.6 |
        Temple |    244 |    206 |     38 |      0 |    180 |   1 |  244.0 |
               +--------+--------+--------+--------+--------+-----+--------+

Top non-repeatable levels by time:
     D:3: 1269 daAuts
     D:2: 1044 daAuts
     D:1: 920 daAuts
     D:4: 804 daAuts
     D:5: 441 daAuts
  Temple: 244 daAuts
